 Dungeon Crawl Stone Soup version 0.31-a0-152-g6aa68a64a1 (webtiles) character file.

Game seed: 2774315587450915628

25 qw the Shooter (level 2, -1/26 HPs)
             Began as a Minotaur Hunter on June 10, 2023.
             Succumbed to an adder's poison
             ... on level 3 of the Dungeon.
             The game lasted 00:00:32 (1372 turns).

qw the Shooter (Minotaur Hunter)                    Turns: 1372, Time: 00:00:33

Health: -1/26      AC:  4    Str: 12 (15) XL:     2   Next: 86%
Magic:  1/1        EV: 11    Int:  3 (6)  God:
Gold:   83         SH:  0    Dex: 10 (13) Spells: 1/1 levels left

rFire   . . .        Y - +0 orcbow
rCold   . . .        (shield currently unavailable)
rNeg    . . .        c - +0 leather armour
rPois   .            (helmet restricted)
rElec   .            (no cloak)
rCorr   .            (no gloves)
SInv    .            e - +0 pair of boots
Will    .....        (no amulet)
Stlth   +            (no ring)
HPRegen 0.24/turn    (no ring)
MPRegen 0.07/turn

%: no passive effects
@: lethally poisoned (-1 -> -5)
A: horns 2, retaliatory headbutt
a: no special abilities


You were on level 3 of the Dungeon.
You visited 1 branch of the dungeon, and saw 3 of its levels.

You collected 83 gold pieces.


Innate Abilities, Weirdness & Mutations

You have a pair of horns on your head.
You reflexively headbutt those who attack you in melee.


   Skills:
 - Level 3.0 Fighting
 + Level 5.1 Ranged Weapons
 - Level 2.1 Dodging
 - Level 0.7 Stealth


You had one spell level left.
You didn't know any spells.
Your spell library was empty.

Inventory:

Hand Weapons
 Y - a +0 orcbow (weapon)
Armour
 c - a +0 leather armour (worn)
 e - a +0 pair of boots (worn)
Scrolls
 h - a scroll of teleportation
Potions
 b - a potion of cancellation {unknown}
 f - a potion of haste {unknown}
 k - a potion of curing {unknown}

Dungeon Overview and Level Annotations

Branches:
Dungeon (3/15)

Altars:


Message History

The arrow hits the endoplasm but does no damage.
The endoplasm quivers.
You shoot an arrow. The arrow hits the endoplasm!
You kill the endoplasm!
A rat and an adder come into view.
The adder hisses angrily.
You shoot an arrow. The arrow closely misses the adder.
You shoot an arrow. The arrow closely misses the adder.
The arrow barely misses the rat.
The adder misses you.
You shoot an arrow. The arrow closely misses the adder.
The arrow hits the rat.
You kill the rat!
The adder bites you.
You are poisoned.
The adder poisons you!
You shoot an arrow. The arrow barely misses the adder.
You feel sick. The adder bites you.
You are more poisoned.
The adder poisons you! The adder bites you but does no damage.
You shoot an arrow. The arrow misses the adder.
You feel sick. The adder closely misses you. The adder bites you.
You shoot an arrow. The arrow closely misses the adder.
You feel sick. The adder bites you.
You shoot an arrow. The arrow closely misses the adder.
You feel sick. The adder bites you.
You are lethally poisoned!
The adder poisons you! The adder closely misses you.
You shoot an arrow. The arrow barely misses the adder.
You feel very sick. The adder bites you but does no damage.
The adder barely misses you. You furiously retaliate!
You headbutt the adder.
1370 ||| READING 2 scrolls of teleportation.
As you read the scroll of teleportation, it crumbles to dust.
You feel strangely unstable.
You feel sick. The adder bites you but does no damage.
You shoot an arrow. The arrow closely misses the adder.
You feel sick. The adder barely misses you. The adder bites you.
You shoot an arrow. The arrow closely misses the adder.
Your surroundings suddenly seem different.
You die...

8.8
... #
8.8
.#
#.##.
#...
#..
#.#
#@#
#.#
#.#
#.#
#.#
#.#
#.#
#.#


There were no monsters in sight!

Vanquished Creatures
  A dart slug (D:2)
  A bat (D:2)
  4 endoplasms
  3 goblins
  3 hobgoblins
  A ball python (D:1)
  A frilled lizard (D:1)
  5 kobolds
  3 rats (D:3)
22 creatures vanquished.

Notes
Turn   | Place    | Note
-------+----------+-------------------------------------------
     0 | D:1      | qw the Minotaur Hunter began the quest for the Orb.
     0 | D:1      | Reached XP level 1. HP: 18/18 MP: 0/0
     0 | D:1      | 0 ||| qw: Version: 0.2-a-122-gbc61b45
     0 | D:1      | 0 ||| qw: Game counter: 3647
     0 | D:1      | 0 ||| qw: Always use a shield: true
     0 | D:1      | 0 ||| qw: God list: Okawaru
     0 | D:1      | 0 ||| qw: Allow faded altars: false
     0 | D:1      | 0 ||| qw: Do Orc after D:15 true
     0 | D:1      | 0 ||| qw: Do second Lair branch before Depths: true
     0 | D:1      | 0 ||| qw: Lair rune preference: random
     0 | D:1      | 0 ||| qw: Plans: Normal
     0 | D:1      | 0 ||| PLANNING D:1-11
   266 | D:1      | Reached XP level 2. HP: 25/25 MP: 1/1
   634 | D:1      | 634 ||| READING scroll labelled DOYCLICAPU.
   635 | D:1      | 635 ||| READING scroll labelled TASSAPT ETUOF.
   636 | D:1      | 636 ||| READING scroll labelled EVYECIA QOYBYJ.
   637 | D:1      | 637 ||| READING 3 scrolls labelled NEF UPHEEX.
   641 | D:1      | 641 ||| READING scroll labelled QAPSIU LIQ VIU.
   642 | D:1      | 642 ||| READING scroll labelled TUYWERHISCHO.
   643 | D:1      | 643 ||| DRINKING 2 purple potions.
   644 | D:1      | 644 ||| DRINKING 2 inky potions.
   645 | D:1      | 645 ||| DROPPING scroll of butterflies.
   646 | D:1      | 646 ||| DROPPING potion of degeneration.
   647 | D:1      | 647 ||| DROPPING potion of enlightenment.
   649 | D:1      | 649 ||| Stepping ~*~*~tactically~*~*~ (cloud).
   735 | D:2      | Reached skill level 5 in Ranged Weapons
   778 | D:2      | 778 ||| FLEEEEING.
   779 | D:2      | 779 ||| FLEEEEING.
   780 | D:2      | 780 ||| FLEEEEING.
   781 | D:2      | 781 ||| FLEEEEING.
   860 | D:2      | Reached skill level 3 in Fighting
  1073 | D:2      | 1073 ||| SWAPPING to +0 orcbow.
  1074 | D:2      | 1074 ||| DROPPING +0 shortbow.
  1296 | D:2      | 1296 ||| UPGRADING to +0 pair of boots.
  1301 | D:2      | 1301 ||| READING scroll labelled OHUAGAX VOSOURETU.
  1369 | D:3      | HP: 4/26 [poisoned by an adder]
  1370 | D:3      | 1370 ||| READING 2 scrolls of teleportation.
  1371 | D:3      | HP: 1/26 [adder (1)]
  1372 | D:3      | Succumbed to an adder's poison

Levels and vault maps discovered:
D:1:      onia_arrival_pentagram, layout_basic
D:2:      layout_basic
D:3:      layout_loops_ring, small_statue_intersection, uniq_sigmund

Skill      XL: |  1  2 |
---------------+-------+-----
Ranged Weapons | 5 |  5.1
Fighting       | 3 |  3.0
Dodging        | |  2.1
Stealth        | |  0.7

Action                     || total
---------------------------++-------
   Fire: Shortbow          ||    59
         Orcbow            ||    15
    Use: Scroll            ||     8
         Potion            ||     2
 Armour: Leather armour    ||     5
  Dodge: Dodged            ||    23

Table legend:
 A = Non-vault XP
 B = Vault XP
 C = Vault XP percentage of total XP
 D = Non-vault monster count
 E = Vault monster count
 F = Vault count percentage of total count
                 A         B        C        D         E       F
            +---------+---------+-------+---------+---------+-------
      Total |      37 |       0 |   0.0 |      22 |       0 |   0.0
            +---------+---------+-------+---------+---------+-------
        D:1 |      14 |       0 |   0.0 |       9 |       0 |   0.0
        D:2 |      18 |       0 |   0.0 |       9 |       0 |   0.0
        D:3 |       5 |       0 |   0.0 |       4 |       0 |   0.0
            +---------+---------+-------+---------+---------+-------
